 Dungeon Crawl Stone Soup version 0.24-a0-433-gbe6fa4f6cc (webtiles) character file.

Game seed: 11928835814497722996

93 Jyms the Shield-Bearer (level 4, -7/31 HPs)
             Began as a Halfling Fighter on June 14, 2019.
             Killed from afar by Natasha (9 damage)
             ... with a magic dart
             ... on level 1 of the Dungeon.
             The game lasted 00:33:48 (1974 turns).

Jyms the Shield-Bearer (Halfling Fighter)           Turns: 1974, Time: 00:33:48

Health: -7/31      AC:  9    Str: 17    XL:     4   Next: 91%
Magic:  4/4        EV:  9    Int:  6    God:
Gold:   141        SH: 10    Dex: 14    Spells: 3/3 levels left

rFire    . . .     SeeInvis .   a - +0 war axe
rCold    . . .     Gourm    .   c - +0 shield
rNeg     . . .     Faith    .   m - +1 scale mail
rPois    .         Spirit   .   (no helmet)
rElec    .         Reflect  .   l - +0 cloak
rCorr    .         Harm     .   (no gloves)
MR       .....                  (no boots)
Stlth    +.........             (no amulet)
HPRegen  0.10/turn              (no ring)
MPRegen  0.09/turn              (no ring)

@: slowed, very slow
A: small, mutation resistance 1
a: no special abilities


You were on level 1 of the Dungeon.
You were not hungry.

You visited 1 branch of the dungeon, and saw 3 of its levels.

You collected 141 gold pieces.

Inventory:

Hand Weapons
 a - a +0 war axe (weapon)
 b - a +0 hunting sling
Missiles
 o - 12 stones (quivered)
Armour
 c - a +0 shield (worn)
 l - a +0 cloak (worn)
 m - a +1 scale mail (worn)
Potions
 e - a potion of brilliance
Comestibles
 f - a ration


   Skills:
 + Level 3.3 Fighting
 + Level 2.8 Axes
 + Level 0.5 Slings
 - Level 3.2 Armour
 - Level 2.1 Stealth
 + Level 4.0 Shields


You had 3 spell levels left.
You didn't know any spells.
Your spell library was empty.

Dungeon Overview and Level Annotations

Branches:
Dungeon (3/15)

Altars:

Annotations:
D:1 Natasha


Innate Abilities, Weirdness & Mutations

You are small and have problems with some larger weapons.
You are somewhat resistant to further mutation.


Message History

The shadow imp disappears in a puff of smoke!
The crimson imp disappears in a puff of smoke!
There is a stone staircase leading down here.
Natasha barely misses you.
You feel a little less clever now. Natasha claws you but does no damage.
You are starting to lose your buoyancy.
Natasha mumbles some strange words.
The crimson imp blinks!
Natasha stares at you and mumbles some strange words.
The magic dart hits you.
* * * LOW HITPOINT WARNING * * *
Natasha casts a spell at you. You resist with some effort.
You float gracefully downwards.
Natasha casts a spell at you.
You feel yourself slow down. Natasha casts a spell at you.
The magic dart hits you!
You die...

############.##..(...
######.##....##### #......#####.#
# ########## #.###..#####.#####
.........# ####.###.............
###..###.####......#.##########.#
..............##h#.#.# #.#
.#....##.#######.....## #.#
.....###.# #@#....# #..
#.#......# #.#....# ##.#
.........# #.#.#..# #...
#5######## #..)...# #..) #.#
##########.#..# #... #.####
#.....# #.#..# #####... ....>#
#.....####.#..####....... #.##.#
#......รท...#............. #..#.#
#.....######.#####.......


You could see Natasha.

Vanquished Creatures
  Natasha (D:2)
  2 adders (D:2)
  2 worms (D:2)
  A dart slug (D:2)
  5 giant cockroaches
  7 goblins
  5 hobgoblins
  8 kobolds
  4 bats
  3 frilled lizards
  6 rats
44 creatures vanquished.

Notes
Turn   | Place    | Note
-------+----------+-------------------------------------------
     0 | D:1      | Jyms the Halfling Fighter began the quest for the Orb.
     0 | D:1      | Reached XP level 1. HP: 15/15 MP: 1/1
   142 | D:1      | Reached XP level 2. HP: 20/20 MP: 2/2
   266 | D:1      | Reached skill level 1 in Stealth
   369 | D:2      | Noticed Natasha
   867 | D:1      | Reached XP level 3. HP: 24/25 MP: 3/3
  1290 | D:2      | Reached XP level 4. HP: 29/31 MP: 4/4
  1392 | D:2      | Killed Natasha
  1604 | D:2      | Reached skill level 4 in Shields
  1900 | D:2      | Noticed Natasha
  1959 | D:1      | HP: 1/31 [Natasha/magic dart (2)]
  1974 | D:1      | Killed from afar by Natasha

Levels and vault maps discovered:
D:1:      nicolae_arrival_memento_mori, layout_loops_cross
D:2:      layout_basic, uniq_natasha
D:3:      layout_basic, chequers_temple_overflow_statue_of_worship,
          kennysheep_path_1, minivault_27, uniq_grinder

Skill      XL: |  1  2  3  4 |
---------------+-------------+-----
Stealth        | 1 2 |  2.1
Fighting       | 3 |  3.3
Shields        | 4 |  4.0
Axes           | |  2.8
Slings         | |  0.5
Armour         | |  3.2

Action                   |  1- 3 |  4- 6 || total
-------------------------+-------+-------++-------
Melee: War axe           |   106 |    45 ||   151
 Fire: Hunting sling     |       |    17 ||    17
Throw: Stone             |       |     1 ||     1
  Use: Potion            |       |     5 ||     5
       Scroll            |       |     3 ||     3
  Eat: Chunk             |     1 |       ||     1
       Ration            |       |     1 ||     1
Armor: Scale mail        |    25 |    44 ||    69
Dodge: Dodged            |    41 |    36 ||    77
Block: Shield            |    44 |    57 ||   101

Table legend:
 A = Non-vault XP
 B = Vault XP
 C = Vault XP percentage of total XP
 D = Non-vault monster count
 E = Vault monster count
 F = Vault count percentage of total count
                 A         B        C        D         E       F
            +---------+---------+-------+---------+---------+-------
      Total |      97 |      36 |  27.1 |      43 |       1 |   2.3
            +---------+---------+-------+---------+---------+-------
        D:1 |      29 |       0 |   0.0 |      22 |       0 |   0.0
        D:2 |      68 |      36 |  34.6 |      21 |       1 |   4.5
            +---------+---------+-------+---------+---------+-------
